 Dungeon Crawl Stone Soup version 0.26.1-11-gd32895ea62 (webtiles) character file.

Game seed: 7642987129176773039

97 Zeld the Changer (level 4, -1/29 HPs)
             Began as an Octopode Transmuter on May 26, 2021.
             Slain by an adder (5 damage)
             ... on level 3 of the Dungeon.
             The game lasted 00:03:01 (4181 turns).

Zeld the Changer (Octopode Transmuter)              Turns: 4181, Time: 00:03:01

Health: -1/29      AC:  1    Str: 10    XL:     4   Next: 68%
Magic:  7/8        EV: 14    Int: 15    God:
Gold:   111        SH:  0    Dex: 12    Spells: 3/9 levels left

rFire    . . .     SeeInvis .     - Unarmed
rCold    . . .     Faith    .   (no shield)
rNeg     . . .     Spirit   .   (helmet currently unavailable)
rPois    .         Reflect  .   (no amulet)
rElec    .         Harm     .   (no ring)
rCorr    .         Rampage  .   (no ring)
Will     .....                  (no ring)
Stlth    ++........             (no ring)
HPRegen  0.09/turn              (no ring)
MPRegen  0.11/turn              (no ring)
                                (no ring)
                                (no ring)

@: lethally poisoned (-1 -> -8), appendages
A: almost no armour, stealthy swim, amphibious, 8 rings, constrict 8, tentacle
spike 3, camouflage 1, gelatinous body 1
a: End Transformation


You were on level 3 of the Dungeon.
One of your tentacles had a temporary spike.
You visited 1 branch of the dungeon, and saw 3 of its levels.

You collected 111 gold pieces.

Inventory:

Jewellery
 o - a +6 ring of dexterity {unknown}
Scrolls
 a - a scroll of magic mapping {unknown}
 b - a scroll of blinking {unknown}
 d - 4 scrolls of identify {unknown}
 f - a scroll of noise {unknown}
 g - a scroll of amnesia {unknown}
 h - a scroll of fear {unknown}
 i - a scroll of remove curse {unknown}
 j - a scroll of immolation {unknown}
 k - a scroll of enchant weapon {unknown}
 m - a scroll of enchant armour {unknown}
Potions
 c - 4 potions of heal wounds {unknown}
 e - a potion of degeneration {unknown}
 l - 2 potions of flight {unknown}
 n - a potion of might {unknown}


   Skills:
 + Level 1.9 Fighting
 + Level 2.6 Dodging
 - Level 3.0 Unarmed Combat
 * Level 3.0 Spellcasting
 * Level 3.1 Transmutations


You had 3 spell levels left.
You knew the following spells:

 Your Spells              Type           Power        Failure   Level
a - Beastly Appendage     Tmut           22%          5%          1
b - Wereblood             Tmut           11%          9%          2
c - Spider Form           Tmut/Pois      3%           32%         3

Your spell library contained the following spells:

 Spells                   Type           Power        Failure   Level
 Ice Form                 Ice/Tmut       6%           71%         4
 Blade Hands              Tmut           5%           83%         5


Dungeon Overview and Level Annotations

Branches:
Dungeon (3/15)

Altars:


Innate Abilities, Weirdness & Mutations

You cannot wear most types of armour.
You are very stealthy in the water. (Stealth+)
You are amphibious.
You can wear up to eight rings at the same time.
You can use your tentacles to constrict eight enemies at once.
Your skin changes colour to match your surroundings (Stealth+).
Your rubbery body absorbs attacks. (AC +1, EV +1)
One of your tentacles bears a large vicious spike.


Message History

The adder is severely wounded.
Your tentacle spike disappears.
You feel sick. The adder misses you.
You closely miss the adder. Your grab misses the adder.
The adder is severely wounded.
The adder bites you.
* * * LOW HITPOINT WARNING * * *
Unknown command.
Casting: Beastly Appendage (safe; 5% risk of failure)
Confirm with . or Enter, or press ? or * to list all spells.
One of your tentacles grows a vicious spike.
* * * LOW HITPOINT WARNING * * *
You feel sick. The adder closely misses you.
* * * LOW HITPOINT WARNING * * *
You feel sick. The adder completely misses you.
The adder bites you but does no damage.
You completely miss the adder. You grab the adder. You squeeze the adder.
The adder is almost dead.
You constrict the adder. The adder bites you.
You die...

. #######.. ....
...###....##.. ...>
...........'..
...####+#####....##..
#.........#.........
#.........#.#####...
#.........#.# #..[
###.........#.# #.#.
#....@......#.#####.##
#....S........†.......
#...####.####.......##
#... #.# ####......
#.. #.# #....## #..
..# #....# ## ... ..
..# ...# o ..#


You could see an adder.

Vanquished Creatures
  2 adders
  2 dart slugs
  4 worms
  2 leopard geckos (D:2)
  An orc (D:3)
  2 bats
  2 giant cockroaches
  13 goblins
  8 hobgoblins
  4 jackals (D:2)
  A quokka (D:2)
  2 ball pythons (D:2)
  6 frilled lizards
  3 kobolds
  7 rats
59 creatures vanquished.

Notes
Turn   | Place    | Note
-------+----------+-------------------------------------------
     0 | D:1      | Zeld the Octopode Transmuter began the quest for the Orb.
     0 | D:1      | Reached XP level 1. HP: 13/13 MP: 3/3
   268 | D:1      | Reached XP level 2. HP: 6/18 MP: 3/5
   271 | D:1      | Learned a level 2 spell: Wereblood
  1509 | D:2      | Reached XP level 3. HP: 18/23 MP: 4/6
  1513 | D:2      | Learned a level 3 spell: Spider Form
  2794 | D:2      | Reached XP level 4. HP: 20/29 MP: 6/8
  3521 | D:3      | Noticed a phantom
  4181 | D:3      | Slain by an adder

Illustrated notes

Levels and vault maps discovered:
D:1:      lightli_arrival_flooded_house, layout_loops_ring, serial_aquarium,
          aquarium_bridge_long_separate [aquarium_subvault_window,
          aquarium_subvault_bridge, aquarium_subvault_balcony,
          aquarium_subvault_window, aquarium_subvault_bridge,
          aquarium_subvault_window], aquarium_bridge_square
          [aquarium_subvault_window, aquarium_subvault_wall,
          aquarium_subvault_bridge, aquarium_subvault_window],
          aquarium_window_corridor_3, aquarium_window_1, aquarium_window_1,
          aquarium_window_fake, aquarium_view_2a, aquarium_view_2a
D:2:      layout_basic, minmay_goblin_outpost
D:3:      layout_basic, minmay_misc_feat_diagonals,
          chequers_serial_rivers_large_a

Skill      XL: |  1  2  3  4 |
---------------+-------------+-----
Transmutations | 3 |  3.1
Spellcasting   | 3 |  3.0
Fighting       | |  1.9
Dodging        | |  2.6
Unarmed Combat | |  3.0

Action                   |  1- 3 |  4- 6 || total
-------------------------+-------+-------++-------
Melee: Unarmed           |    77 |    59 ||   136
       Constrict         |    24 |    11 ||    35
       Kick              |    18 |    10 ||    28
       Tentacles         |     9 |     8 ||    17
       Punch             |     1 |       ||     1
 Cast: Beastly Appendage |    27 |    14 ||    41
       Wereblood         |     1 |       ||     1
 Stab: Sleeping          |     2 |       ||     2
Armor: Skin              |     7 |     2 ||     9
Dodge: Dodged            |    53 |    45 ||    98
